 Dungeon Crawl Stone Soup version 0.30-a0-610-gb513c0a51f (webtiles) character file.

Game seed: 6224446138933969272

4073 Citaku the Protected (level 10, 0/81 (90) HPs)
             Began as a Minotaur Fighter on Jan 8, 2023.
             Slain by a wight
             ... wielding a +3 falchion of freezing
              (3 damage)
             ... on level 8 of the Dungeon.
             The game lasted 00:13:53 (6946 turns).

Citaku the Protected (Minotaur Fighter)             Turns: 6946, Time: 00:13:54

HP:   0/81 (90)     AC:  0    Str: 21    XL:     10   Next: 5%
MP:   9/9           EV: 13    Int:  7    God:
Gold: 263           SH:  5    Dex: 12    Spells: 9/9 levels left

rFire   . . .      SeeInvis .    (weapon currently unavailable)
rCold   . . .      Faith    .    (shield currently unavailable)
rNeg    . . .      Spirit   .    (body armour currently unavailable)
rPois   .          Reflect  +    (helmet currently unavailable)
rElec   .          Harm     .    (cloak currently unavailable)
rCorr   .          Rampage  .    (gloves currently unavailable)
Will    .....                    (boots currently unavailable)
Stlth   +                        t - amulet of reflection
HPRegen 0.33/turn                (ring currently unavailable)
MPRegen 0.11/turn                (ring currently unavailable)

@: pig-form (expiring), heavily drained, very quick
A: fast, no casting, small, (horns 2), (retaliatory headbutt)
a: no special abilities


You were on level 8 of the Dungeon.
You were a filthy swine.
You visited 1 branch of the dungeon, and saw 8 of its levels.
You also visited: Ossuary.

You collected 413 gold pieces.
You spent 150 gold pieces at shops.

Inventory:

Hand Weapons
 w - the +3 mace of Citaku's Peril (melded) {drain, *Rage Fly rC+ SInv}
   (You found it on level 5 of the Dungeon)

   rC:        It protects you from cold.
   SInv:      It lets you see invisible.
   Fly:       It grants you flight.
   *Rage:     It berserks you when you make melee attacks (+20% chance).
Armour
 b - a +0 scale mail (melded)
 c - a +0 buckler (melded)
 g - a scarf of resistance (melded)
 n - a +0 pair of boots (melded)
Jewellery
 t - an amulet of reflection (around neck)
 x - an amulet of the acrobat
Scrolls
 e - 2 scrolls of poison {unknown}
 f - 3 scrolls of amnesia {unknown}
 h - 10 scrolls of identify {unknown}
 i - 3 scrolls of immolation {unknown}
 k - a scroll of enchant weapon {unknown}
 l - a scroll of brand weapon {unknown}
 p - 5 scrolls of teleportation {unknown}
 s - 2 scrolls of magic mapping {unknown}
 u - a scroll of blinking {unknown}
 v - a scroll of fog {unknown}
 y - a scroll of enchant armour {unknown}
 A - a scroll of vulnerability {unknown}
Potions
 a - 3 potions of might
 d - a potion of haste
 j - a potion of attraction {unknown}
 m - a potion of brilliance {unknown}
 o - 3 potions of heal wounds
 q - 2 potions of invisibility {unknown}
 r - 6 potions of curing
 z - a potion of lignification {unknown}
 B - a potion of degeneration {unknown}


   Skills:
 + Level 8.6 Fighting
 * Level 11.2 Axes
 * Level 11.5 Armour
 - Level 3.6 Shields


You had 9 spell levels left.
You didn't know any spells.
Your spell library contained the following spells:

 Spells                   Type           Power      Damage    Failure   Level
 Freeze                   Ice            0%         1d3       43%         1
 Sandblast                Erth           0%         2d4       43%         1
 Passwall                 Tmut/Erth      0%         N/A       56%         2
 Scorch                   Fire           0%         2d5       56%         2
 Sublimation of Blood     Necr           0%         N/A       56%         2
 Wereblood                Tmut           0%         N/A       56%         2
 Frozen Ramparts          Ice            0%         1d1       80%         3
 Hailstorm                Conj/Ice       0%         3d3       80%         3
 Stone Arrow              Conj/Erth      0%         3d7       80%         3
 Animate Armour           Summ/Erth      0%         N/A       99%         4
 Flame Wave               Conj/Fire      0%         2d4       99%         4
 Summon Cactus Giant      Summ           0%         N/A       100%        6
 Summon Hydra             Summ           0%         N/A       100%        7
 Lehudib's Crystal Spear  Conj/Erth      0%         10d2      100%        8


Dungeon Overview and Level Annotations

Branches:
Dungeon (8/15)             Temple (0/1) D:6         Ossuary (visited)
   Lair: D:8-11

Altars:
Elyvilon
Hepliaklqana
Sif Muna
Wu Jian
Xom
Yredelemnul
Zin

Shops:
D:6 !::   D:7 *


Innate Abilities, Weirdness & Mutations

You are a filthy swine.
You move quickly.
Your equipment is almost entirely melded.
You are incapable of wielding weapons or throwing items.
You cannot cast spells.
((You have a pair of horns on your head.))
((You reflexively headbutt those who attack you in melee.))


Message History

Your +0 scale mail melds into your body.
You float gracefully downwards.
You feel hot and cold all over.
It was a potion of curing.
You feel better.
Okay, then.
Your transformation is almost over.
The wight barely misses you.
You hit the wight but do no damage.
The wight hits you with a +3 falchion of freezing.
You feel drained. The wight freezes you.
You closely miss the wight.
The wight hits you with a +3 falchion of freezing!
You feel drained. The wight freezes you.
You hit the wight.
The wight is lightly damaged.
You completely miss the wight.
The wight is lightly damaged.
The wight barely misses you.
You hit the wight.
The wight is moderately damaged.
The wight hits you with a +3 falchion of freezing!
You feel drained. The wight freezes you.
You hit the wight but do no damage.
The wight is moderately damaged.
The wight hits you with a +2 great sword!!
The wight throws a stone.
The stone misses you.
The wight hits you with a +3 falchion of freezing!
* * * LOW HITPOINT WARNING * * *
You feel drained.
* * * LOW HITPOINT WARNING * * *
The wight freezes you.
* * * LOW HITPOINT WARNING * * *
You block the wight's attack. x2
You hit the wight.
The wight is lightly damaged.
You closely miss the wight.
The wight is lightly damaged.
The wight hits you with a +3 falchion of freezing.
* * * LOW HITPOINT WARNING * * *
The wight freezes you.
You die...

#.......#...#.#.###.#.#..####.#
###.#.##........#.# ##.##........
......#####...###.# #########...
.##.#.#####.### #.# #...
.##.#.......# #.# #...
....#.###########.##### #...
..###.# #.....#.......########...
......# #.....#z#.....##.........
#.##### #.......hz............[..
.....####.....#z#.....##z........
..<....##.....#.#...#.#######....
..##.#.########.#...#.# #.###
.....#.# #.......## #.# #
.##..#.# ##.......# #.###
.......#########....##.# #....
....................##.# ##...>
.##.##.....####..#.###.# ##..###


You could see 3 wights.

Vanquished Creatures
  Prince Ribbit (D:8)
  A steam dragon (D:8)
  Menkaure (D:5)
  3 water moccasins
  A sky beast (D:7)
  An orc warrior (D:7)
  2 black bears
  3 ice beasts
  2 ogres
  3 centaurs
  A phantom (D:6)
  3 bullfrogs
  4 necrophages
  A gnoll sergeant (D:6)
  5 scorpions
  4 wights (D:6)
  6 killer bees (D:8)
  A howler monkey (D:8)
  2 centaur zombies (Ossuary)
  A human zombie (Ossuary)
  A jelly (D:5)
  2 hounds
  A gnoll bouda (D:4)
  2 orc priests
  4 iguanas
  5 orc wizards
  4 hound zombies (Ossuary)
  3 mummies (Ossuary)
  4 adders
  14 gnolls
  A white imp (D:3)
  2 ufetubi
  A worm (D:2)
  2 dart slugs
  25 orcs
  5 ball pythons
  3 bats
  5 endoplasms
  2 giant cockroaches
  8 goblins
  3 hobgoblins (D:4)
  5 jackals
  3 quokkas
  2 frilled lizards
  A goblin zombie (Ossuary)
  6 hobgoblin zombies (Ossuary)
  4 jackal zombies (Ossuary)
  3 kobolds
  A kobold zombie (Ossuary)
  An orc zombie (Ossuary)
  8 quokka zombies (Ossuary)
  4 rats
  4 rat zombies (Ossuary)
185 creatures vanquished.

Vanquished Creatures (others)
  An angel (D:6)
  3 fungi (D:6)
4 creatures vanquished.

Grand Total: 189 creatures vanquished

Notes
Turn   | Place    | Note
-------+----------+-------------------------------------------
     0 | D:1      | Citaku the Minotaur Fighter began the quest for the Orb.
     0 | D:1      | Reached XP level 1. HP: 19/19 MP: 0/0
   106 | D:1      | You fall into a shaft and drop 1 floor!
   182 | D:2      | Reached XP level 2. HP: 21/27 MP: 1/1
   526 | D:2      | Reached XP level 3. HP: 33/33 MP: 2/2
   748 | D:2      | Reached XP level 4. HP: 26/40 MP: 3/3
  1136 | D:3      | Noticed a black bear
  1169 | D:3      | Killed a black bear
  1170 | D:3      | Reached skill level 5 in Armour
  1170 | D:3      | Reached XP level 5. HP: 34/47 MP: 4/4
  1430 | D:3      | Found an ornate altar of the Wu Jian Council.
  1832 | D:4      | Reached skill level 5 in Axes
  1961 | D:4      | Reached XP level 6. HP: 49/55 MP: 5/5
  1976 | D:4      | Reached skill level 5 in Fighting
  2560 | D:5      | Entered Level 5 of the Dungeon
  2560 | D:5      | Noticed Menkaure
  2565 | D:5      | Killed Menkaure
  2566 | D:5      | Reached XP level 7. HP: 61/61 MP: 6/6
  2883 | D:5      | Reached XP level 8. HP: 31/70 MP: 7/7
  3150 | D:5      | Identified the +3 mace of Citaku's Peril {drain, *Rage Fly
                  | rC+ SInv}
  3282 | D:6      | Found Helotuomum's Book Boutique.
  3282 | D:6      | Found Sevvunt's Book Shop.
  3798 | D:6      | Found a staircase to the Ecumenical Temple.
  3926 | D:6      | Found Tero's Distillery.
  3934 | D:6      | Bought a potion of haste for 100 gold pieces
  3934 | D:6      | Bought a potion of heal wounds for 50 gold pieces
  3954 | D:6      | Noticed an angel
  3955 | D:6      | Found a shimmering altar of Xom.
  3955 | D:6      | Found a glowing silver altar of Zin.
  4095 | D:6      | Killed an angel
  4334 | D:6      | Reached XP level 9. HP: 75/77 MP: 8/8
  4537 | D:7      | Found Xiupn's General Store.
  4724 | D:7      | Reached skill level 10 in Armour
  5020 | D:7      | Reached skill level 10 in Axes
  5401 | D:7      | Found a hazy altar of Hepliaklqana.
  5401 | D:7      | Found a basalt altar of Yredelemnul.
  5401 | D:7      | Found a white marble altar of Elyvilon.
  5845 | D:8      | Noticed Prince Ribbit
  5865 | D:8      | Killed Prince Ribbit
  6284 | D:8      | Found a sand-covered staircase.
  6305 | Ossuary  | Entered an ossuary
  6446 | Ossuary  | Reached XP level 10. HP: 90/90 MP: 9/9
  6732 | D:8      | Found a shimmering blue altar of Sif Muna.
  6946 | D:8      | HP: 3/81 [wight/+3 falchion of freezing (6)]
  6946 | D:8      | Slain by a wight

Illustrated notes

Levels and vault maps discovered:
D:1:      minmay_arrival_open_corners, layout_basic
D:2:      layout_basic
D:3:      layout_basic, nicolae_overflow_hidden_temple
D:4:      layout_rooms
D:5:      layout_loops_ring, minmay_misc_feat_plants, serial_bayou_pond_b,
          uniq_menkaure
D:6:      layout_rooms, grunt_temple_overflow_order_and_chaos_1, temple_green,
          serial_shops, shop_statue, nicolae_shop_stone, shop,
          dreamdust_gnoll_farm
D:7:      hellmonk_ruined_rings, layout_loops_corners,
          gammafunk_temple_overflow_forgotten, serial_shops,
          nicolae_shop_competitors_out_of_business
D:8:      layout_loops_cross, kennysheep_little_box,
          lightli_ossuary_entry_decrepit_ruins, uniq_prince_ribbit1, uniq_grum

Skill      XL: |  1  2  3  4  5  6  7  8  9 |
---------------+----------------------------+-----
Axes           | 3 4 5 6 7 9 11 | 11.2
Armour         | 4 5 6 7 9 11 | 11.5
Fighting       | 4 5 6 7 8 |  8.6
Shields        | |  3.6

Action                   |  1- 3 |  4- 6 |  7- 9 | 10-12 || total
-------------------------+-------+-------+-------+-------++-------
Melee: War axe           |    43 |    94 |    27 |       ||   164
       Headbutt          |     6 |    13 |    36 |     5 ||    60
       Mace              |       |       |   225 |    39 ||   264
       Unarmed           |       |       |       |     8 ||     8
  Use: Potion            |       |     1 |       |     1 ||     2
Armor: Scale mail        |    16 |    68 |   114 |    11 ||   209
Dodge: Dodged            |    14 |    68 |   125 |    16 ||   223
Block: Buckler           |    12 |    34 |   152 |    22 ||   220
       Reflection        |       |       |     6 |       ||     6
       Other             |       |       |       |     2 ||     2

Table legend: (Time is in decaauts)
 A = Elapsed time spent in this place.
 B = Non-inter-level travel time spent in this place.
 C = Inter-level travel time spent in this place.
 D = Time resting spent in this place.
 E = Time spent auto-exploring this place.
 F = Levels seen in this place.
 G = Mean time per level.
                   A        B        C        D        E       F      G
               +--------+--------+--------+--------+--------+-----+--------+
         Total |   7236 |   7236 |      0 |    886 |   4507 |   9 |  804.0 |
       Dungeon |   6831 |   6831 |      0 |    886 |   4331 |   8 |  853.9 |
       Ossuary |    404 |    404 |      0 |      0 |    175 |   1 |  404.0 |
               +--------+--------+--------+--------+--------+-----+--------+

Top non-repeatable levels by time:
     D:7: 1305 daAuts
     D:6: 1243 daAuts
     D:8: 951 daAuts
     D:3: 908 daAuts
     D:2: 839 daAuts
     D:4: 748 daAuts
     D:5: 727 daAuts
 Ossuary: 404 daAuts
     D:1: 107 daAuts
